 Dungeon Crawl Stone Soup version 0.24.0-41-g2ae2f7f1be (webtiles) character file.

Game seed: 13084880330123430234, levelgen mode: deterministic

72 McKennaii the Skirmisher (level 4, 0/35 HPs)
             Began as a Demonspawn Fighter on Dec 11, 2019.
             Killed from afar by an orc wizard (5 damage)
             ... with a puff of flame
             ... on level 3 of the Dungeon.
             The game lasted 00:01:54 (1633 turns).

McKennaii the Skirmisher (Demonspawn Fighter)       Turns: 1633, Time: 00:01:55

Health: 0/35       AC: 11    Str: 18    XL:     4   Next: 6%
Magic:  4/4        EV:  3    Int:  9    God:
Gold:   156        SH:  9    Dex: 12    Spells: 3/3 levels left

rFire    . . .     SeeInvis .   a - +0 war axe
rCold    . . .     Gourm    .   c - +0 shield
rNeg     . . .     Faith    .   n - +0 plate armour
rPois    .         Spirit   .   (helmet restricted)
rElec    .         Reflect  .   (no cloak)
rCorr    .         Harm     .   (no gloves)
MR       .....                  (no boots)
Stlth    ..........             (no amulet)
HPRegen  0.11/turn              (no ring)
MPRegen  0.09/turn              (no ring)

@: no status effects
A: antennae 1, nightstalker 1, powered by death 1
a: no special abilities


You were on level 3 of the Dungeon.
You were hungry.

You visited 1 branch of the dungeon, and saw 3 of its levels.

You collected 156 gold pieces.

Inventory:

Hand Weapons
 a - a +0 war axe (weapon)
Armour
 c - a +0 shield (worn)
 n - a +0 plate armour (worn)
Wands
 q - a wand of paralysis (9)
Scrolls
 e - a scroll of random uselessness {unknown}
 h - a scroll of identify {unknown}
 l - a scroll of blinking {unknown}
 m - a scroll of teleportation {unknown}
 p - a scroll of fog {unknown}
Potions
 d - a potion of might
 g - 2 potions of agility {unknown}
 i - a potion of degeneration {unknown}
 j - a potion of lignification {unknown}
 k - 3 potions of haste {unknown}
 o - a potion of heal wounds {unknown}
Comestibles
 b - 2 chunks of flesh
 f - 3 rations


   Skills:
 + Level 3.3 Fighting
 * Level 3.0 Axes
 + Level 3.2 Armour
 + Level 0.1 Dodging
 + Level 3.0 Shields


You had 3 spell levels left.
You didn't know any spells.
Your spell library was empty.

Dungeon Overview and Level Annotations

Branches:
Dungeon (3/15)

Altars:


Innate Abilities, Weirdness & Mutations

You have a pair of small antennae on your head.
You are slightly more attuned to the shadows.
You regenerate a little health from kills.


Message History

You hear some strange, mumbled words.
A puff of flame appears from out of thin air!
The puff of flame hits you.
Unknown command.
You slash something! You closely miss the adder.
The adder bites you but does no damage. x2
Something hits you but does no damage.
You bump into the rock wall.
The adder bites you but does no damage. Something hits you but does no damage.
The adder bites you.
You completely miss something. You miss the adder.
You feel less confused.
You hear some strange, mumbled words.
A puff of flame appears from out of thin air!
The puff of flame hits you.
* * * LOW HITPOINT WARNING * * *
You block the adder's attack.
You hear some strange, mumbled words.
A puff of flame appears from out of thin air!
The puff of flame hits you.
You die...

### ....
############.....
.........SK......
#...@{g......
#..#####.....
#..#####.####
#<.......#
#..####### #..###
#....# ####.#.##
#.......#


You could see an adder, a hobgoblin and a kobold.

Vanquished Creatures
  An adder (D:2)
  An ooze (D:2)
  3 leopard geckos
  2 orcs (D:3)
  4 giant cockroaches
  6 goblins
  3 hobgoblins (D:1)
  11 jackals
  3 kobolds
  7 bats
  9 rats
50 creatures vanquished.

Notes
Turn   | Place    | Note
-------+----------+-------------------------------------------
     0 | D:1      | McKennaii the Demonspawn Fighter began the quest for the
                  | Orb.
     0 | D:1      | Reached XP level 1. HP: 18/18 MP: 1/1
   228 | D:1      | Gained mutation: You regenerate a little health from kills.
                  | [demonic ancestry]
   228 | D:1      | Reached XP level 2. HP: 24/24 MP: 2/2
  1052 | D:2      | Gained mutation: You have a pair of small antennae on your
                  | head. [demonic ancestry]
  1052 | D:2      | Reached XP level 3. HP: 29/29 MP: 3/3
  1609 | D:3      | Gained mutation: You are slightly more attuned to the
                  | shadows. [demonic ancestry]
  1609 | D:3      | Reached XP level 4. HP: 32/35 MP: 4/4
  1633 | D:3      | Killed from afar by an orc wizard

Levels and vault maps discovered:
D:1:      psy_arrival_radial02, layout_basic, chequers_serial_rivers_small_3
D:2:      layout_rooms
D:3:      lemuel_upstairs_altar, layout_loops_ring, old_standard_altar,
          yredelemnul_forgotten_temple_becter

Skill      XL: |  1  2  3  4 |
---------------+-------------+-----
Axes           | 2 3 |  3.0
Armour         | 3 |  3.2
Shields        | 3 |  3.0
Fighting       | |  3.3
Dodging        | |  0.1

Action                   |  1- 3 |  4- 6 || total
-------------------------+-------+-------++-------
Melee: War axe           |   122 |    20 ||   142
  Use: Scroll            |     1 |       ||     1
  Eat: Chunk             |     2 |       ||     2
Armor: Scale mail        |    53 |       ||    53
       Plate armour      |    34 |    47 ||    81
Dodge: Dodged            |    43 |     9 ||    52
Block: Shield            |    72 |    15 ||    87
